Map: 16-Bit LE

Players

StarLord - Winner!

  • Race: Zerg Zerg
  • Spawn Location: 1:00

Jester

  • Race: Terran Terran
  • Spawn Location: 7:00

VOD

Have the link to the VOD?

Description

Time

  • Played on: May 17, 2018, 11:21 a.m.
  • Length: 17:35
Show
View Real Time Build Order
Export as new Build Order

StarLord Zerg - Winner!

Build Orders: 3 Hatch before Pool, Lurkers 

Get SALT Encoding   

  12  0:01  Drone  
  13  0:08  Drone  
  14  0:18  Overlord  
  14  0:29  Extractor  
  14  0:30  Drone  
  15  0:37  Drone x2  
  17  0:55  Hatchery  
  16  0:58  Drone  
  17  1:22  Hatchery  
  17  1:25  Drone  
  17  1:30  Extractor  
  16  1:33  Overlord  
  16  1:50  Spawning Pool  
  15  2:17  Drone  
  15  2:18  Drone  
  15  2:19  Drone x3  
  20  2:29  Drone  
  21  2:31  Drone  
  21  2:36  Queen  
  24  2:40  Queen  
  26  2:44  Drone  
  26  2:47  Zergling x2  
  28  2:55  Zergling x4  
  30  3:01  Metabolic Boost  
  30  3:10  Drone  
  30  3:11  Drone x3  
  34  3:35  Overlord x2  
  34  3:36  Overlord  
  34  3:47  Drone x2, Queen  
  38  3:56  Drone x2  
  39  4:06  Roach Warren  
  37  4:11  Evolution Chamber  
  35  4:48  Drone x4  
  35  4:49  Zergling x2, Drone  
  35  4:50  Zergling x10  
  46  4:54  Drone x3  
  46  4:55  Overlord, Drone x3  
  46  4:57  Zerg Melee Weapons Level 1  
  52  5:05  Lair  
  52  5:06  Drone  
  54  5:07  Extractor, Drone x2  
  54  5:14  Drone  
  54  5:15  Extractor, Drone  
  54  5:18  Extractor  
  54  5:21  Extractor  
  54  5:50  Drone x4  
  54  5:51  Zergling x16  
  54  5:52  Zergling x2  
  66  6:21  Hydralisk Den  
  65  6:28  Drone x2  
  65  6:30  Roach x3  
  65  6:32  Evolution Chamber  
  72  6:35  Overlord x4  
  71  6:51  Zerg Missile Weapons Level 1  
  71  6:57  Hydralisk, Drone x3  
  71  6:58  Hydralisk x9  
  94  7:05  Zerg Ground Armor Level 1  
  94  7:07  Hatchery  
  93  7:15  Grooved Spines  
  93  7:43  Extractor  
  92  7:45  Drone x3  
  92  7:46  Hydralisk x3, Drone x4  
  105  7:53  Overlord  
  105  7:54  Overlord x4  
  105  8:01  Hatchery  
  104  8:06  Glial Reconstitution  
  104  8:13  Infestation Pit  
  104  8:18  Lurker Den  
  102  8:22  Nydus Network, Hydralisk  
  103  8:40  Drone  
  103  8:41  Drone  
  105  8:44  Drone x5  
  110  8:55  Drone x9  
  119  8:56  Hydralisk x2  
  119  8:57  Hydralisk x3  
  119  9:02  Muscular Augments  
  129  9:03  Pathogen Glands  
  129  9:07  Hive  
  129  9:13  Baneling Nest, Zergling x2  
  129  9:14  Zergling x2  
  130  9:24  Tunneling Claws  
  130  9:45  Drone x2  
  131  9:46  Drone x2  
  133  9:59  Drone x3  
  136  10:00  Hydralisk x3  
  136  10:01  Hydralisk x7  
  136  10:05  Overlord x4  
  156  10:08  Zerg Ground Armor Level 2, Zerg Missile Weapons Level 2  
  156  10:22  Ultralisk Cavern  
  156  10:26  Baneling x4  
  156  10:28  Baneling x4  
  155  10:30  Baneling  
  145  11:16  Zergling x2  
  145  11:17  Ultralisk x3  
  145  11:18  Hydralisk x4  
  163  11:23  Extractor, Drone x2  
  163  11:24  Drone x18  
  188  11:42  Drone x2  
  188  11:46  Overlord  
  190  11:56  Overseer  
  190  12:04  Neural Parasite  
  190  12:06  Chitinous Plating  
  190  12:11  Adaptive Talons  
  190  12:23  Lurker x3  
  190  12:24  Zerg Melee Weapons Level 2, Lurker  
  194  12:50  Overlord  
  194  12:51  Overlord x3  
  194  12:56  Overseer x10  
  194  12:57  Overseer  
  194  13:19  Viper x2  
  200  13:42  Zergling x2  
  200  14:09  Viper  
  191  14:24  Zerg Missile Weapons Level 3  
  191  14:30  Centrifical Hooks  
  191  14:40  Zerg Ground Armor Level 3  
  191  14:46  Extractor  
  191  14:51  Viper x3  
  198  15:56  Nydus Canal  
  198  16:11  Nydus Canal  
Show
View Real Time Build Order
Export as new Build Order

Jester Terran 

Build Orders: 3 Hatch before Pool 

Get SALT Encoding   

  12  0:01  SCV  
  13  0:13  SCV  
  14  0:25  SCV  
  15  0:43  Supply Depot  
  15  1:05  SCV  
  16  1:14  Supply Depot  
  16  1:15  Barracks  
  16  1:17  SCV  
  17  1:29  SCV  
  18  1:41  SCV  
  19  3:03  Marine  
  20  3:21  Marine  
  21  3:39  Marine  
  22  3:56  Marine  
  23  4:14  Marine  
  24  5:25  Bunker  
  24  5:44  Command Center  
  24  6:03  Supply Depot x2  
  24  6:04  Supply Depot  
  23  6:27  Supply Depot x2  
  23  6:50  Supply Depot  
  23  6:52  Supply Depot  
  23  6:53  Refinery  
  22  7:30  Orbital Command  
  22  7:57  Engineering Bay  
  22  8:13  Factory  
  22  8:20  Barracks Tech Lab  
  22  8:26  Command Center  
  22  8:48  Refinery  
  22  9:02  Factory Tech Lab  
  22  9:16  Starport  
  22  9:38  SCV  
  23  9:49  Siege Tank  
  23  9:50  SCV  
  27  10:02  SCV  
  28  10:14  SCV  
  28  10:15  Medivac  
  31  10:26  SCV  
  32  10:39  Supply Depot  
  32  10:41  Supply Depot  
  32  10:45  Medivac  
  34  11:03  Supply Depot  
  34  11:05  Supply Depot  
  34  11:26  Supply Depot  
  34  12:42  Marauder  
  36  13:03  Marauder  
  38  13:24  Marine  
  39  13:42  Marine  
  40  14:03  Starport Tech Lab  
  40  14:09  Stimpack  
  40  14:16  SCV  
  41  14:28  SCV  
  42  14:40  SCV  
  43  14:46  Infernal Pre-Igniter  
  43  14:52  Cloaking Field  
  16  16:49  Planetary Fortress  
Tags
 
Add a new tag
Caveats
  • Supply blocks, unpowered buildings, or Contaminate may cause inaccurate times.
  • Supply counts are checked every 10 seconds.